 Seeded DCSS version 0.27-a0-1500-g450c7e4133 (webtiles) character file.

Game seed: 20210708 (custom seed)

42 muata the Skirmisher (level 3, -2/30 HPs)
             Began as a Human Berserker on July 8, 2021.
             Was a Believer of Trog.
             Slain by a hobgoblin (4 damage)
             ... on level 2 of the Dungeon.
             The game lasted 00:02:28 (1396 turns).

muata the Skirmisher (Human Berserker)              Turns: 1396, Time: 00:02:29

Health: -2/30      AC:  2    Str: 18    XL:     3   Next: 77%
Magic:  3/3        EV:  9    Int:  7    God:    Trog [**....]
Gold:   25         SH:  7    Dex: 12    Spells: 2/2 levels left

rFire    . . .     SeeInvis .   a - +0 hand axe
rCold    . . .     Faith    .   f - +0 kite shield
rNeg     . . .     Spirit   .   b - +0 animal skin
rPois    .         Reflect  .   (no helmet)
rElec    .         Harm     .   (no cloak)
rCorr    .         Rampage  .   (no gloves)
Will     .....                  (no boots)
Stlth    +.........             (no amulet)
HPRegen  0.10/turn              (no ring)
MPRegen  0.08/turn              (no ring)

@: no status effects
A: no striking features
a: Renounce Religion, Berserk, Trog's Hand


You were on level 2 of the Dungeon.
You worshipped Trog.
Trog was pleased with you.
You visited 1 branch of the dungeon, and saw 2 of its levels.

You collected 25 gold pieces.

Inventory:

Hand Weapons
 a - a +0 hand axe (weapon)
Armour
 b - a +0 animal skin (worn)
 f - a +0 kite shield (worn)
Scrolls
 c - 2 scrolls of enchant armour {unknown}
 d - a scroll of identify {unknown}
 e - a scroll of magic mapping {unknown}
 i - a scroll of blinking {unknown}
Potions
 g - a potion of berserk rage {unknown}
 h - a potion of flight {unknown}


   Skills:
 + Level 3.8 Fighting
 - Level 3.0 Axes
 - Level 2.0 Armour
 + Level 3.0 Dodging


You had 2 spell levels left.
You didn't know any spells.
Your spell library was empty.

Dungeon Overview and Level Annotations

Branches:
Dungeon (2/15)

Altars:


Message History

The hobgoblin is heavily wounded.
The hobgoblin closely misses you.
You hit the hobgoblin.
You kill the hobgoblin!
Trog accepts your kill.
You hit the hobgoblin.
The hobgoblin is moderately wounded.
The hobgoblin hits you but does no damage.
You block the hobgoblin's attack.
You closely miss the hobgoblin.
The hobgoblin is moderately wounded.
The hobgoblin hits you.
Your shield prevents you from hitting the hobgoblin.
The hobgoblin is moderately wounded.
You block the hobgoblin's attack. x2
You hit the hobgoblin but do no damage.
The hobgoblin is moderately wounded.
The hobgoblin hits you.
You closely miss the hobgoblin.
The hobgoblin is moderately wounded.
You block the hobgoblin's attack.
You barely miss the hobgoblin.
The hobgoblin is moderately wounded.
The hobgoblin hits you. The hobgoblin barely misses you.
You completely miss the hobgoblin.
The hobgoblin is moderately wounded.
The hobgoblin hits you.
You hit the hobgoblin but do no damage.
The hobgoblin is moderately wounded.
The hobgoblin hits you.
* * * LOW HITPOINT WARNING * * *
The hobgoblin hits you.
* * * LOW HITPOINT WARNING * * *
You hit the hobgoblin.
The hobgoblin is heavily wounded.
The hobgoblin completely misses you.
You hit the hobgoblin.
The hobgoblin is severely wounded.
You block the hobgoblin's attack. The hobgoblin hits you.
You die...

. #<#.#.#######
..#...#.#.....#
....##......#
............#
....##..)...#.#
..# #..?g......
# #.###.g....
#g# ...... #@#
...... #.#
...).. #.#
..... #.# .b..
#.# ..# ###


You could see a hobgoblin.

Vanquished Creatures
  A dart slug (D:1)
  4 ball pythons
  3 endoplasms (D:1)
  3 giant cockroaches
  2 goblins
  3 hobgoblins
  4 jackals (D:1)
  A kobold (D:2)
  4 bats
  6 frilled lizards
  5 rats
36 creatures vanquished.

Notes
Turn   | Place    | Note
-------+----------+-------------------------------------------
     0 | D:1      | muata the Human Berserker began the quest for the Orb.
     0 | D:1      | Reached XP level 1. HP: 18/18 MP: 1/1
   117 | D:1      | Reached XP level 2. HP: 10/24 MP: 2/2
   445 | D:1      | Found a faded altar of an unknown god.
   727 | D:1      | Reached XP level 3. HP: 29/29 MP: 3/3
  1194 | D:2      | Reached ** piety under Trog
  1396 | D:2      | Slain by a hobgoblin

Illustrated notes

Levels and vault maps discovered:
D:1:      dpeg_arrival_fog, layout_rooms, shapermc_ecumenical_altar_venn
D:2:      layout_basic

Skill      XL: |  1  2  3 |
---------------+----------+-----
Dodging        | 3 |  3.0
Fighting       | |  3.8
Axes           | |  3.0
Armour         | |  2.0

Action                   || total
-------------------------++-------
Melee: Hand axe          ||   100
Invok: Berserk           ||     1
 Stab: Sleeping          ||     1
Armor: Animal skin       ||    32
Dodge: Dodged            ||    78
Block: Kite shield       ||    18

Table legend: (Time is in decaauts)
 A = Elapsed time spent in this place.
 B = Non-inter-level travel time spent in this place.
 C = Inter-level travel time spent in this place.
 D = Time resting spent in this place.
 E = Time spent auto-exploring this place.
 F = Levels seen in this place.
 G = Mean time per level.
                   A        B        C        D        E       F      G
               +--------+--------+--------+--------+--------+-----+--------+
         Total |   1430 |   1327 |    103 |    457 |    588 |   2 |  715.0 |
       Dungeon |   1430 |   1327 |    103 |    457 |    588 |   2 |  715.0 |
               +--------+--------+--------+--------+--------+-----+--------+

Top non-repeatable levels by time:
     D:1: 1092 daAuts
     D:2: 337 daAuts
